 Dungeon Crawl Stone Soup version 0.28-a0-43-g560ac104fe (webtiles) character file.

Game seed: 11406007574217557651

26 Spectrina the Ducker (level 3, -2/30 HPs)
             Began as a Djinni Monk on July 28, 2021.
             Slain by an iguana (6 damage)
             ... on level 5 of the Dungeon.
             The game lasted 00:02:56 (381 turns).

Spectrina the Ducker (Djinni Monk)                   Turns: 381, Time: 00:02:57

Health: -2/30      AC:  3    Str: 10    XL:     3   Next: 22%
Gold:   8          EV: 13    Int: 12    God:
                   SH:  0    Dex: 15

rFire   + + .      SeeInvis .   a - +0 mace
rCold   x . .      Faith    .   (no shield)
rNeg    . . .      Spirit   .   b - +0 robe
rPois   ∞          Reflect  .   (no helmet)
rElec   .          Harm     .   (no cloak)
rCorr   .          Rampage  .   h - +0 pair of gloves
Will    .....                   (boots unavailable)
Stlth   +.........              (no amulet)
HPRegen 0.10/turn               (no ring)
MPRegen 0.00/turn               (no ring)

@: silenced, flying
A: sickness immunity, fire resistance 2, cold vulnerability 1, float, innate
caster, hp casting, extra vitality 1
a: no special abilities


You were on level 5 of the Dungeon.
You visited 1 branch of the dungeon, and saw 5 of its levels.

You collected 8 gold pieces.

Inventory:

Hand Weapons
 a - a +0 mace (weapon)
 j - a +0 hunting sling
Missiles
 d - 69 stones (quivered)
Armour
 b - a +0 robe (worn)
 h - a +0 pair of gloves (worn)
Scrolls
 c - 3 scrolls of amnesia
 f - 2 scrolls of identify
 g - a scroll of noise {unknown}


   Skills:
 - Level 3.0 Fighting
 - Level 2.4 Maces & Flails
 - Level 3.2 Dodging
 - Level 1.5 Stealth
 + Level 1.9 Spellcasting


You had 4 spell levels left.
You knew the following spells:

 Your Spells              Type           Power      Damage    Failure   Level
a - Sandblast             Erth           10%        2d5       12%         1
Your spell library was empty.

Dungeon Overview and Level Annotations

Branches:
Dungeon (5/15)
 Temple: D:4-7

Altars:
The Shining One

Annotations:
D:2 Robin
D:3 Jessica


Innate Abilities, Weirdness & Mutations

You are immune to sickness and miasma.
You are immune to poison.
Your flesh is very heat resistant. (rF++)
You are vulnerable to cold. (rC-)
You float through the air rather than walking.
You learn spells naturally, not from books.
Your magical power is your life essence.
You have superior vitality. (+4 HP)


Message History

Aim: an iguana (81% to hit)
The blast of sand hits the iguana.
The iguana is moderately wounded.
d - 70 stones The iguana barely misses you.
You closely miss the iguana.
The iguana is moderately wounded.
The iguana bites you!
* * * LOW HITPOINT WARNING * * *
Unknown command.
Casting: Sandblast (safe; 12% risk of failure)
Confirm with . or Enter, or press ? or * to list all spells.
Aiming: Sandblast (safe; 12% risk of failure)
Press: ? - help, Shift-Dir - straight line, f/p - iguana
Aim: an iguana (moderately wounded, 81% to hit)
The blast of sand hits the iguana but does no damage.
The iguana is moderately wounded.
d - 69 stones
* * * LOW HITPOINT WARNING * * *
The iguana barely misses you.
Unknown command.
You aren't carrying any potions.
Unknown command.
You aren't carrying any items that you can evoke.
As you read the scroll labelled MYIN DYWOS, it crumbles to dust.
It is a scroll of identify.
c - 3 scrolls of amnesia The iguana barely misses you.
As you read the scroll labelled YDUFFUX SONIUTT, it crumbles to dust.
A profound silence engulfs you.
It was a scroll of silence.
The iguana barely misses you.
You aren't carrying any items that you can evoke.
You aren't carrying any potions.
You barely miss the iguana.
The iguana is moderately wounded.
The iguana barely misses you.
You hit the iguana.
The iguana is moderately wounded.
The iguana bites you.
You die...

## ..# ##.##
#######...#
§.§.§.#...#
._....l...+
#@..# #...#
#####.## #.# #.#
#.# #.# #.#
#.####### #.#
#.......# #.#
#.#####.#
########.###.###


You could see an iguana.

Vanquished Creatures
  An adder (D:2)
  A dart slug (D:2)
  A bat (D:1)
  2 endoplasms
  4 goblins
  A hobgoblin (D:1)
  A kobold (D:3)
  2 rats
13 creatures vanquished.

Notes
Turn   | Place    | Note
-------+----------+-------------------------------------------
     0 | D:1      | Spectrina the Djinni Monk began the quest for the Orb.
     0 | D:1      | Reached XP level 1. HP: 20/20 MP: 0/0
   151 | D:2      | Reached skill level 1 in Spellcasting
   151 | D:2      | Reached XP level 2. HP: 21/25 MP: 0/0
   197 | D:2      | Reached XP level 3. HP: 23/30 MP: 0/0
   197 | D:2      | Learned a level 1 spell: Sandblast
   242 | D:2      | Noticed Jessica
   242 | D:2      | Noticed Robin
   260 | D:4      | Noticed a bullfrog
   260 | D:4      | Noticed an ogre
   271 | D:4      | Noticed a scorpion
   284 | D:5      | Entered Level 5 of the Dungeon
   374 | D:5      | Found a glowing golden altar of the Shining One.
   381 | D:5      | Slain by an iguana

Illustrated notes

Levels and vault maps discovered:
D:1:      psy_arrival_conway, layout_basic, shapermc_ecumenical_altar_petra,
          minivault_27, dk_noncrumbling_4, minmay_tetromino_i4
D:2:      layout_loops_ring, serial_shops, shop_fountains, uniq_jessica,
          uniq_robin, uniq_crazy_yiuf_cottage
D:3:      layout_rooms, kennysheep_orc_sif_temple,
          mainiacjoe_overflow_boulevard, serial_undead, serial_undead_e,
          serial_undead_b, serial_undead_f, serial_undead_c, serial_undead_d,
          serial_shops, shop, kennysheep_generic_room_3
D:4:      layout_rooms, demons_altar, nicolae_ashenzari_panopticon,
          uniq_natasha, uniq_sigmund, uniq_eustachio, uniq_blork_the_orc
D:5:      layout_loops_corners, grunt_temple_overflow_holy_war,
          kennysheep_minor_cross, minmay_misc_feat_diagonals, kennysheep_boxes

Skill      XL: |  1 |
---------------+----+-----
Spellcasting   | 1 |  1.9
Fighting       | |  3.0
Maces & Flails | |  2.4
Dodging        | |  3.2
Stealth        | |  1.5

Action                   || total
-------------------------++-------
Melee: Mace              ||    48
 Cast: Sandblast         ||     2
  Use: Scroll            ||     2
       Potion            ||     1
 Stab: Sleeping          ||     1
Armor: Robe              ||    14
Dodge: Dodged            ||    40

Table legend: (Time is in decaauts)
 A = Elapsed time spent in this place.
 B = Non-inter-level travel time spent in this place.
 C = Inter-level travel time spent in this place.
 D = Time resting spent in this place.
 E = Time spent auto-exploring this place.
 F = Levels seen in this place.
 G = Mean time per level.
                   A        B        C        D        E       F      G
               +--------+--------+--------+--------+--------+-----+--------+
         Total |    376 |    369 |      7 |      0 |      0 |   5 |   75.2 |
       Dungeon |    376 |    369 |      7 |      0 |      0 |   5 |   75.2 |
               +--------+--------+--------+--------+--------+-----+--------+

Top non-repeatable levels by time:
     D:1: 139 daAuts
     D:5: 91 daAuts
     D:2: 74 daAuts
     D:3: 53 daAuts
     D:4: 16 daAuts
